 Dungeon Crawl Stone Soup version 0.27-a0-686-gaed091b46b (webtiles) character file.

Game seed: 3947653027129177608

86 Dreamer the Skirmisher (level 4, -1/37 HPs)
             Began as a Formicid Berserker on Mar 21, 2021.
             Was a Believer of Trog.
             Slain by a gnoll
             ... wielding a +0 whip
              (3 damage)
             ... on level 1 of the Dungeon.
             The game lasted 00:04:55 (1987 turns).

Dreamer the Skirmisher (Formicid Berserker)         Turns: 1987, Time: 00:04:55

Health: -1/37      AC:  6    Str: 22    XL:     4   Next: 78%
Magic:  4/4        EV: 10    Int:  7    God:    Trog [**....]
Gold:   74         SH:  0    Dex: 10    Spells: 3/3 levels left

rFire    . . .     SeeInvis +   g - +0 whip (drain)
rCold    . . .     Faith    .   (no shield)
rNeg     . . .     Spirit   .   i - +0 scale mail
rPois    .         Reflect  .   (helmet unavailable)
rElec    .         Harm     .   (no cloak)
rCorr    .         Rampage  .   (no gloves)
Will     .....                  (no boots)
Stlth    ..........             (no amulet)
HPRegen  0.12/turn              (no ring)
MPRegen  0.09/turn              (no ring)

@: no status effects
A: permanent stasis, dig shafts and tunnels, antennae 3, four strong arms
a: Dig, Shaft Self, Renounce Religion, Trog's Hand


You were on level 1 of the Dungeon.
You worshipped Trog.
Trog was pleased with you.
You visited 1 branch of the dungeon, and saw 2 of its levels.

You collected 74 gold pieces.

Inventory:

Hand Weapons
 g - a +0 whip of draining (weapon)
Armour
 i - a +0 scale mail (worn)
Scrolls
 c - a scroll of amnesia {unknown}
 d - a scroll of holy word {unknown}
 f - a scroll of magic mapping {unknown}
Potions
 b - a potion of heal wounds {unknown}
 e - 2 potions of curing {unknown}
 h - a potion of cancellation {unknown}


   Skills:
 + Level 4.2 Fighting
 + Level 3.8 Maces & Flails
 + Level 3.3 Armour
 - Level 1.7 Dodging


You had 3 spell levels left.
You didn't know any spells.
Your spell library was empty.

Dungeon Overview and Level Annotations

Branches:
Dungeon (2/15)

Altars:


Innate Abilities, Weirdness & Mutations

You cannot be hasted, slowed, berserked, paralysed or teleported.
You can dig through walls and to a lower floor.
You have a pair of large antennae on your head. (SInv)
Your four strong arms can wield two-handed weapons with a shield.


Message History

You hit the gnoll.
The gnoll is moderately wounded.
The gnoll hits you with a +0 whip. The gnoll hits you but does no damage.
You closely miss the gnoll.
The gnoll is moderately wounded.
The gnoll misses you. The gnoll barely misses you.
You barely miss the gnoll.
The gnoll is moderately wounded.
The gnoll closely misses you. The gnoll misses you.
You hit the gnoll. You drain the gnoll.
The gnoll is almost dead.
The gnoll hits you with a +0 whip. The gnoll hits you.
You hit the gnoll.
You kill the gnoll!
Trog accepts your kill. The gnoll closely misses you.
You barely miss the gnoll. The gnoll hits you with a +0 whip.
You hit the gnoll.
The gnoll is lightly wounded.
The gnoll hits you with a +0 whip!
You whack the gnoll!
The gnoll is severely wounded.
The gnoll hits you with a +0 whip!
* * * LOW HITPOINT WARNING * * *
You hit the gnoll. You drain the gnoll.
The gnoll is almost dead.
You barely miss the gnoll.
The gnoll is almost dead.
The gnoll hits you but does no damage.
Your scale mail prevents you from hitting the gnoll.
The gnoll is almost dead.
The gnoll hits you but does no damage.
You closely miss the gnoll.
The gnoll is almost dead.
The gnoll hits you with a +0 whip.
* * * LOW HITPOINT WARNING * * *
You closely miss the gnoll.
The gnoll is almost dead.
The gnoll hits you with a +0 whip.
You die...

≈.....≈≈≈≈≈≈≈≈...#
#.# #
..(...≈≈≈≈≈≈≈≈≈..#
#.# #
.......≈≈≈≈≈≈≈...#
#.# #
........≈≈≈≈≈≈...#
#.##########
.≈≈≈.......≈≈....#
#...........
≈≈≈≈≈............#
############
≈≈≈≈≈............#
≈≈≈≈≈≈..........g#
≈≈≈≈≈≈##'##.....@#
≈≈≈≈≈##...##)≈...#
≈≈≈≈≈#.....#≈≈≈..#
≈≈≈≈≈#.....#≈≈≈[.#
≈≈≈≈≈#..>..#≈≈≈..#
≈≈≈≈≈##...##≈≈...#
≈≈≈≈≈≈#####≈≈≈...#
≈≈≈≈≈≈≈≈≈≈≈≈≈...##
≈≈≈≈≈≈≈≈≈≈≈≈≈...#


You could see a gnoll (drained).

Vanquished Creatures
  A gnoll (D:1)
  3 adders (D:2)
  A worm (D:2)
  2 dart slugs (D:1)
  8 bats
  2 giant cockroaches
  9 goblins
  6 hobgoblins
  A ball python (D:1)
  4 frilled lizards
  5 kobolds
  4 rats
46 creatures vanquished.

Notes
Turn   | Place    | Note
-------+----------+-------------------------------------------
     0 | D:1      | Dreamer the Formicid Berserker began the quest for the Orb.
     0 | D:1      | Reached XP level 1. HP: 18/18 MP: 1/1
   131 | D:1      | Reached XP level 2. HP: 24/24 MP: 2/2
   893 | D:1      | Reached XP level 3. HP: 30/30 MP: 3/3
  1593 | D:2      | Reached skill level 4 in Fighting
  1593 | D:2      | Reached XP level 4. HP: 37/37 MP: 4/4
  1950 | D:2      | Reached ** piety under Trog
  1987 | D:1      | Slain by a gnoll

Illustrated notes

Levels and vault maps discovered:
D:1:      minmay_arrival_shoal_huts, layout_basic
D:2:      layout_rooms, chequers_ecumenical_altar_twisty

Skill      XL: |  1  2  3 |
---------------+----------+-----
Armour         | 3 |  3.3
Fighting       | 4 |  4.2
Maces & Flails | |  3.8
Dodging        | |  1.7

Action                   |  1- 3 |  4- 6 || total
-------------------------+-------+-------++-------
Melee: Mace              |    84 |    50 ||   134
       Whip              |       |    21 ||    21
Armor: Animal skin       |     1 |       ||     1
       Leather armour    |    10 |       ||    10
       Ring mail         |    13 |    26 ||    39
       Scale mail        |       |     5 ||     5
Dodge: Dodged            |    45 |    43 ||    88

Table legend: (Time is in decaauts)
 A = Elapsed time spent in this place.
 B = Non-inter-level travel time spent in this place.
 C = Inter-level travel time spent in this place.
 D = Time resting spent in this place.
 E = Time spent auto-exploring this place.
 F = Levels seen in this place.
 G = Mean time per level.
                   A        B        C        D        E       F      G
               +--------+--------+--------+--------+--------+-----+--------+
         Total |   2018 |   2011 |      7 |    622 |    937 |   2 | 1009.0 |
       Dungeon |   2018 |   2011 |      7 |    622 |    937 |   2 | 1009.0 |
               +--------+--------+--------+--------+--------+-----+--------+

Top non-repeatable levels by time:
     D:1: 1337 daAuts
     D:2: 680 daAuts
